AoeStats
← maximusthefirst

Lombardia

510255293Analyzed
2v2 RM · 2d ago on Sep 30, 2026· 25m 56s· 4 players
Game mode
Random Map
Map size
Medium (4 player)
Population
200
Speed
Normal
Resources
Standard
Victory
Conquest
Starting age
Dark Age
Ending age
Imperial Age
RankedLock teamsTeams togetherTeam positionsShared explorationLock speedFull tech treeHidden civsTurbo modeCheats
Victory
Defeat
🇫🇷 Slavs · France
959
+8
🇺🇸 Khmer · United States
876
+11
🇦🇷 Huns · Argentina
781
-18
🇦🇷 Franks · Argentina
745
-9
maximusthefirst
2:26 Loom
11:02 Feudal Age
12:28 Wheelbarrow
11:44 Double-Bit Axe
11:42 Horse Collar
14:13 Bloodlines
16:54 Scale Barding Armor
17:00 Forging
21:30 Fletching
23:17 Stone Mining
27:39 Castle Age
statere26
4:39 Loom
11:26 Feudal Age
12:12 Double-Bit Axe
19:05 Castle Age
19:20 Forging
20:17 Bow Saw
19:34 Light Cavalry
20:40 Horse Collar
21:46 Bloodlines
ITZY.ThePig
15:08 Feudal Age
16:27 Wheelbarrow
15:39 Double-Bit Axe
15:48 Gold Mining
15:41 Horse Collar
16:31 Stone Mining
21:42 Castle Age
20:33 Scale Barding Armor
20:53 Forging
21:25 Bloodlines
jackylk620141760
6:02 Loom
9:34 Feudal Age
11:48 Double-Bit Axe
23:23 Castle Age
22:01 Wheelbarrow
Connection lost

Rejoining the realm…

Still unreachable

The connection could not be restored.

Session expired

The server has moved on; the page needs a fresh start.